 Dungeon Crawl Stone Soup version 0.28.0-53-g5a82cb258f (webtiles) character file.

Game seed: 9726083355543043811

53 Urriah the Firebug (level 3, 0/27 HPs)
             Began as a Draconian Fire Elementalist on May 20, 2022.
             Was a Believer of Wu Jian.
             Slain by Terence
             ... wielding a +0 short sword
              (3 damage)
             ... on level 2 of the Dungeon.
             The game lasted 00:10:54 (1880 turns).

Urriah the Firebug (Draconian Fire Elementalist)    Turns: 1880, Time: 00:10:55

Health: 0/27       AC:  5    Str: 10    XL:     3   Next: 62%
Magic:  0/6        EV: 12    Int: 17    God:    Wu Jian [**....]
Gold:   79         SH:  0    Dex: 11    Spells: 1/6 levels left

rFire   . . .      SeeInvis .   a - +0 war axe
rCold   . . .      Faith    .   (no shield)
rNeg    . . .      Spirit   .   (armour unavailable)
rPois   .          Reflect  .   (helmet restricted)
rElec   .          Harm     .   (no cloak)
rCorr   .          Rampage  .   (no gloves)
Will    .....                   (no boots)
Stlth   ++........              (no amulet)
HPRegen 0.09/turn               (no ring)
MPRegen 0.10/turn               (no ring)

@: mighty
A: AC +5, unfitting armour, cold-blooded
a: Renounce Religion, Wall Jump


You were on level 2 of the Dungeon.
You worshipped Wu Jian.
Wu Jian was pleased with you.
You visited 1 branch of the dungeon, and saw 2 of its levels.

You collected 79 gold pieces.

Inventory:

Hand Weapons
 a - a +0 war axe (weapon)
Scrolls
 e - a scroll of enchant weapon {unknown}
 f - 3 scrolls of immolation {unknown}
Potions
 b - a potion of invisibility {unknown}


   Skills:
 * Level 0.6 Fighting
 * Level 0.2 Throwing
 * Level 2.1 Dodging
 * Level 2.0 Stealth
 * Level 0.2 Unarmed Combat
 + Level 2.2 Spellcasting
 * Level 1.6 Conjurations
 * Level 0.1 Summonings
 * Level 3.6 Fire Magic


You had one spell level left.
You knew the following spells:

 Your Spells              Type           Power      Damage    Failure   Level
a - Foxfire               Conj/Fire      40%        2x1d6     6%          1
b - Scorch                Fire           28%        2d6       6%          2
c - Call Imp              Summ           2%         N/A       26%         2

Your spell library contained the following spells:

 Spells                   Type           Power      Damage    Failure   Level
 Magic Dart               Conj           28%        1d4       10%         1
 Conjure Flame            Conj/Fire      10%        6-21      19%         3
 Inner Flame              Hex/Fire       8%         N/A       26%         3
 Mephitic Cloud           Conj/Pois/Air  3%         N/A       41%         3
 Flame Wave               Conj/Fire      10%        2d5       54%         4


Dungeon Overview and Level Annotations

Branches:
Dungeon (2/15)

Altars:
Wu Jian

Annotations:
D:2 Terence


Innate Abilities, Weirdness & Mutations

Your plain brown scales are hard. (AC +5)
You cannot fit into any form of body armour.
You are cold-blooded and may be slowed by cold attacks.


Message History

You feel very mighty all of a sudden. Terence hits you with a +0 short sword.
You hit Terence but do no damage. Terence hits you with a +0 short sword.
You barely miss Terence.
You tail-slap Terence, but do no damage.
Terence misses you. Terence hits you with a +0 short sword.
You hit Terence but do no damage. Terence hits you with a +0 short sword.
You slash Terence!
Your tail-slap misses Terence.
Terence is moderately wounded.
Terence hits you with a +0 short sword. x2
* * * LOW HITPOINT WARNING * * *
Casting: Scorch (safe; 6% risk of failure)
Confirm with . or Enter, or press ? or * to list all spells.
The spell is quite dangerous to miscast (26% risk of failure)!
Continue anyway?
A beastly little devil appears in a puff of frigid air.
Terence hits you with a +0 short sword.
* * * LOW HITPOINT WARNING * * *
What are your orders? t - Shout!
Orders for allies: a - Attack new target. r - Retreat! s - Stop attacking. g - Guard the area. f - Follow me.
Anything else - Cancel.
Gang up on whom?
Press: ? - help, Dir - move target, f - Terence
Aim: Terence, wielding a +0 short sword and wearing a +3 chain mail of poison resistance (moderately wounded, ally target) Attack!
Terence barely misses you.
Your white imp hits Terence but does no damage.
A bat comes into view.
Casting: Call Imp (quite dangerous; 26% risk of failure)
Confirm with . or Enter, or press ? or * to list all spells.
Flames lash Terence but do no damage.
Terence shouts, "Now you die!" Terence hits you with a +0 short sword.
* * * LOW HITPOINT WARNING * * *
Your white imp barely misses Terence.
You slash Terence!
Terence is almost dead.
Terence hits you with a +0 short sword.
You die...

#######.......##.............
#.....'.....†................
#.#####.......##............†
#.# #.......##............. #.#
#....)..##.............
###.#####.......##...).........
#..............................
##..#####.......##.............
#..# #...5@@b##.............
#..# #......>...............
#..# #............##.#######
#..# #......................
#..# #............##......##
#..# #..>.........##......#
#..# #............##......#
#..# ###############.######
#..#### #+#


You could see Terence (ally target), a bat and a friendly white imp (summoned).

Vanquished Creatures
  9 endoplasms
  3 giant cockroaches
  7 goblins
  3 hobgoblins (D:2)
  5 jackals
  2 kobolds (D:2)
  2 quokkas (D:1)
  2 ball pythons
  6 bats (D:1)
  A frilled lizard (D:1)
  3 rats
43 creatures vanquished.

Vanquished Creatures (others)
  38 foxfires
  A plant (D:1)
39 creatures vanquished.

Grand Total: 82 creatures vanquished

Notes
Turn   | Place    | Note
-------+----------+-------------------------------------------
     0 | D:1      | Urriah the Draconian Fire Elementalist began the quest for
                  | the Orb.
     0 | D:1      | Reached XP level 1. HP: 14/14 MP: 3/3
   181 | D:1      | Reached XP level 2. HP: 20/20 MP: 3/5
   409 | D:1      | Learned a level 2 spell: Scorch
   694 | D:1      | Found a faded altar of an unknown god.
   900 | D:1      | Prayed at the altar of an unknown god.
   900 | D:1      | Became a worshipper of the Wu Jian Council
   900 | D:1      | Reached * piety under Wu Jian
  1026 | D:1      | Learned a level 2 spell: Call Imp
  1252 | D:1      | Reached XP level 3. HP: 18/27 MP: 2/6
  1696 | D:2      | Reached ** piety under Wu Jian
  1837 | D:2      | Noticed Terence
  1880 | D:2      | Slain by Terence

Illustrated notes

Levels and vault maps discovered:
D:1:      dpeg_arrival_round_c, layout_basic,
          chequers_ecumenical_altar_simple_redux, serial_bayou_crossing
D:2:      layout_basic, nicolae_underground_beach, uniq_terence

Skill      XL: |  1  2  3 |
---------------+----------+-----
Dodging        | 2 |  2.1
Stealth        | 2 |  2.0
Fighting       | |  0.6
Throwing       | |  0.2
Unarmed Combat | |  0.2
Spellcasting   | |  2.2
Conjurations   | |  1.6
Summonings     | |  0.1
Fire Magic     | |  3.6

Action                   || total
-------------------------++-------
Melee: War axe           ||    22
       Tailslap          ||     2
Throw: Javelin           ||    14
 Cast: Foxfire           ||    22
       Scorch            ||    18
       Call Imp          ||     2
Invok: Whirlwind         ||    10
  Use: Scroll            ||     3
       Potion            ||     1
Armor: Skin              ||    22
Dodge: Dodged            ||    43
